Mourne, chaotic male human Priest --------------- |.............. |.............| |.............|###################### |.......<.....|#### ######----------.-- ----------|----# .`........%`. ###### |.....`.....| |...-----...|& |...|.{.|...@@# |..`|{.{|`..|# |...|.{.|...|# |...--.--...|# |.....`.....|# |`.(.......`|# -------------# ## Mourne the Adept Experience level: 7 Strength: 13 Dexterity: 18 Constitution: 13 Intelligence: 10 Wisdom: 18 Charisma: 10 Health: 0(49) Energy: 112(115) Def: 9 Gold: 0 Moves: 4351 Dungeon seed: x7VwMMOOcdaljllA Game ID: Mourne_1520804935 Your Inventory: Weapons a - a blessed +2 mace (weapon in hand) Armor e - a blessed +2 robe (being worn) n - an uncursed +0 small shield (being worn) q - an uncursed +0 dwarvish iron helm (being worn) y - a blessed +0 pair of iron shoes (being worn) Comestibles c - an uncursed clove of garlic d - an uncursed sprig of wolfsbane k - 4 uncursed lichen corpses l - 2 uncursed food rations L - an uncursed food ration Scrolls j - an uncursed scroll of create monster w - an uncursed scroll of teleportation B - 7 uncursed scrolls of blank paper Q - an uncursed scroll of confuse monster Potions b - 3 potions of holy water r - an uncursed potion of booze t - an uncursed potion of fruit juice S - an uncursed potion of oil Rings U - an uncursed ring of shock immunity (on left hand) X - an uncursed ring of see invisible (on right hand) Wands g - a cursed wand of digging (0:8) T - an uncursed wand of nothing (0:4) W - an uncursed wand of speed monster (0:0) Tools h - an uncursed oil lamp (0:101) i - an uncursed tin opener s - an uncursed towel A - an uncursed oil lamp (0:1322) D - an uncursed +0 unicorn horn Gems Y - 2 uncursed rocks Spells and supernatural/magical abilities: Name Level Category Fail Memory h - healing 1 healing 0% 93% I - identify 2 divination 43% 93% W - pray for help -- divine ? -- X - turn undead -- divine ? -- Your skills at the end: Fighting Skills wands [Basic] Weapon Skills mace [Expert] Spellcasting Skills clerical spells [Basic] Final Attributes: You were immune to electricity. You were poison resistant. You saw invisible. You were telepathic. You are dead. Vanquished creatures: a giant mimic a large mimic a small mimic a human mummy a giant spider 2 gnome kings a dwarf mummy a lizard 2 dwarf lords 2 white unicorns a human zombie 17 bugbears a rock piercer a yellow light 11 gnome lords 6 gnomish wizards a black naga hatchling a gray ooze a straw golem 2 paper golems a giant ant a little dog a floating eye 3 kittens 13 dwarves 3 kobold lords 4 kobold shamans a monkey a werejackal an iguana a killer bee 2 gas spores 3 hobbits 3 manes 3 large kobolds 10 hobgoblins a brown mold 2 yellow molds 48 gnomes 3 geckos 7 jackals a fox a kobold 5 goblins 5 sewer rats 6 grid bugs 8 lichens a kobold zombie 5 newts 199 creatures vanquished. Voluntary challenges: You were an atheist. You used a wielded weapon 319 times, starting on turn 36. You read items or engraved 11 times, starting on turn 44. You never genocided any monsters. You never polymorphed an object. You never changed form. You used no wishes. You never split a pudding. You never wrote Elbereth's name. You never violated your personal moral code. Dungeon overview: The Dungeons of Doom: levels 1 to 8 Level 1 a fountain, a sink a long staircase Level 2 a sink stairs to The Gnomish Mines Level 3 a fountain, a vault Level 4 a vault Level 5 an altar to Poseidon Level 6 a fountain Level 7 a fountain, a vault Level 8 <- You were here many fountains The Gnomish Mines: levels 3 to 8 Level 3 stairs to The Dungeons of Doom Level 4 Level 5 Level 6 many shops, a temple to Poseidon, some fountains Level 7 Level 8 History has recorded: On T:1 you entered the Dungeons of Doom to retrieve the Amulet of Yendor! On T:237 you reached level 2 of The Dungeons of Doom. On T:244 you advanced to experience level 2. On T:276 you reached level 3 of The Dungeons of Doom. On T:568 you reached level 4 of The Dungeons of Doom. On T:800 you advanced to experience level 3. On T:945 you reached level 1 of The Gnomish Mines. On T:1001 you advanced to experience level 4. On T:1123 you reached level 2 of The Gnomish Mines. On T:1146 you advanced to experience level 5. On T:1234 you reached level 5 of The Gnomish Mines. On T:1299 you reached level 6 of The Gnomish Mines. On T:1307 you advanced to experience level 6. On T:1814 you advanced to experience level 7. On T:1901 you reached level 4 of The Gnomish Mines. On T:3185 you reached level 5 of The Dungeons of Doom. On T:3303 you advanced to experience level 8. On T:3422 you reached level 6 of The Dungeons of Doom. On T:3842 you reached level 7 of The Dungeons of Doom. On T:4188 you reached level 8 of The Dungeons of Doom. Score breakdown: Gold: 0 ( 0 points) Experience: 7 levels (13645 points) Exploration: 8 levels ( 16.33%) (11456 points) Discoveries: 34 items ( 11.33%) (10099 points) Valuables value: (no points given unless you survive) Artifact value: 0 ( 0 points) Variety of kills: 49 monsters ( 12.89%) (10772 points) Turncount: 4351 turns (-1149 points) Survival: died (score multiplied by 80%) Total score: 35858 Latest messages: The combat suddenly awakens you. [5 turns] You feel better. The werejackal zaps a wand of sleep! The sleep ray hits you! The werejackal hits! The succubus acts as though she has got a headache. The combat suddenly awakens you. The succubus hits! The succubus just misses! The werejackal zaps a wand of sleep! The sleep ray hits you! The sleep ray whizzes by you! The sleep ray hits the werejackal! The succubus acts as though she has got a headache. The succubus hits! (2x) The succubus acts as though she has got a headache. The succubus hits! (2x) The succubus acts as though she has got a headache. You die... Final status: Goodbye Mourne the Priest, killed by a succubus, while sleeping... You died in The Dungeons of Doom on dungeon level 8 with 35858 points, and 0 pieces of gold, after 4351 moves. You were level 7 with a maximum of 49 hit points when you died.